 Dungeon Crawl Stone Soup version 0.31-a0-237-g2d982f9f85 (webtiles) character file.

Game seed: 1329553027125169567

184 qw the Shooter (level 5, -1/45 HPs)
             Began as a Minotaur Hexslinger on July 11, 2023.
             Slain by a gnoll bouda
             ... wielding a +0 club
              (8 damage)
             ... on level 4 of the Dungeon.
             The game lasted 00:01:06 (2917 turns).

qw the Shooter (Minotaur Hexslinger)                Turns: 2917, Time: 00:01:06

Health: -1/45      AC:  5    Str: 12    XL:     5   Next: 36%
Magic:  5/5        EV: 11    Int: 13    God:
Gold:   168        SH:  0    Dex: 15    Spells: 5/6 levels left

rFire   . . .        Y - +2 sling
rCold   . . .        (no shield)
rNeg    . . .        i - +0 ring mail
rPois   +            (helmet restricted)
rElec   .            (no cloak)
rCorr   .            (no gloves)
SInv    +            (no boots)
Will    .....        (no amulet)
Stlth   +            c - ring "Jaicseumn" {rPois Int+3 SInv}
HPRegen 0.27/turn    (no ring)
MPRegen 0.09/turn

%: no passive effects
@: about to teleport, weakened
A: horns 2, retaliatory headbutt
a: no special abilities


You were on level 4 of the Dungeon.
You visited 1 branch of the dungeon, and saw 4 of its levels.

You collected 168 gold pieces.


Innate Abilities, Weirdness & Mutations

You have a pair of horns on your head.
You reflexively headbutt those who attack you in melee.


   Skills:
 - Level 3.1 Fighting
 + Level 5.3 Ranged Weapons
 - Level 1.4 Armour
 - Level 2.1 Dodging
 - Level 1.0 Spellcasting
 - Level 2.0 Hexes


You had 5 spell levels left.
You knew the following spells:

 Your Spells              Type           Power      Damage    Failure   Level
a - Slow                  Hex            20%        N/A       26%         1

Your spell library contained the following spells:

 Spells                   Type           Power      Damage    Failure   Level
 Inner Flame              Hex/Fire       3%         N/A       77%         3
 Portal Projectile        Hex/Tloc       6%         N/A       77%         3
 Cause Fear               Hex            2%         N/A       95%         4

Inventory:

Hand Weapons
 Y - a +2 sling (weapon)
Armour
 d - a +0 pair of boots
 i - a +0 ring mail (worn)
Jewellery
 c - the ring "Jaicseumn" (left hand) {rPois Int+3 SInv}
   (You found it on level 3 of the Dungeon)

   [ring of poison resistance]

   Int:       It affects your intelligence (+3).
   rPois:     It protects you from poison.
   SInv:      It lets you see invisible.
Scrolls
 a - 2 scrolls of identify
 b - a scroll of summoning {unknown}
Potions
 e - a potion of curing {unknown}
 h - a potion of might {unknown}
 j - a potion of enlightenment {unknown}
 l - a potion of heal wounds

Dungeon Overview and Level Annotations

Branches:
Dungeon (4/15)
 Temple: D:4-7

Altars:
Kikubaaqudgha
Trog
Xom


Message History

You shoot a sling bullet. The sling bullet hits the gnoll.
The gnoll is severely wounded.
The gnoll misses you. You furiously retaliate!
You headbutt the gnoll.
A gnoll comes into view. It is wielding a +0 club.
You shoot a sling bullet.
The sling bullet barely misses the gnoll.
The gnoll completely misses you.
You shoot a sling bullet.
The sling bullet hits the gnoll but does no damage.
The gnoll is severely wounded.
The gnoll hits you but does no damage.
The gnoll bouda hits you with a +0 club!
You shoot a sling bullet.
The sling bullet barely misses the gnoll.
The gnoll barely misses you. The gnoll bouda closely misses you.
You shoot a sling bullet. The sling bullet hits the gnoll.
The gnoll is almost dead.
The gnoll hits you with a +0 club. The gnoll bouda misses you.
You furiously retaliate!
You headbutt the gnoll bouda! The gnoll hits you with a +0 club.
You shoot a sling bullet. The sling bullet hits the gnoll.
You kill the gnoll!
The gnoll bouda gazes fiercely through you!
You feel your attacks grow feeble.
The gnoll bouda hits you with a +0 club.
You shoot a sling bullet.
The sling bullet barely misses the gnoll bouda.
The gnoll bouda hits you with a +0 club.
You shoot a sling bullet.
The sling bullet hits the gnoll bouda but does no damage.
The gnoll bouda is heavily wounded.
The gnoll bouda hits you with a +0 club!
2917 ||| READING scroll of teleportation.
As you read the scroll of teleportation, it crumbles to dust.
You feel strangely unstable. The gnoll hits you with a +0 club.
The gnoll bouda gazes fiercely through you!
You feel as though you will be weak longer.
The gnoll bouda hits you with a +0 club!
You die...

#.#..#####.#
#..........#
###.######.# #.#
#.# # #.# #.# #
#.# ##.######. #
#.# #......... #
#.#####..#######
# #..........@g#
# #..####...##g#
# #..####...# g#
# #.........# g#
## ##.#####..#
.# .## #.# ...#
.# ..# #.# ###.#
.# ..#####.# #.#
.# ........#


You could see a gnoll bouda and 3 gnolls.

Vanquished Creatures
  An orc priest (D:4)
  An iguana (D:4)
  Robin (D:2)
  2 adders (D:4)
  A gnoll (D:4)
  2 worms
  2 dart slugs
  4 orcs (D:4)
  7 ball pythons
  5 bats
  5 endoplasms
  4 giant cockroaches
  13 goblins
  5 hobgoblins
  7 jackals
  A quokka (D:1)
  4 frilled lizards
  2 kobolds
  6 rats
73 creatures vanquished.

Notes
Turn   | Place    | Note
-------+----------+-------------------------------------------
     0 | D:1      | qw the Minotaur Hexslinger began the quest for the Orb.
     0 | D:1      | Reached XP level 1. HP: 16/16 MP: 1/1
     0 | D:1      | 0 ||| qw: Version: 0.3-a-52-g30416fa
     0 | D:1      | 0 ||| qw: Game counter: 5445
     0 | D:1      | 0 ||| qw: Melee chars always use a shield: true
     0 | D:1      | 0 ||| qw: God list: Okawaru
     0 | D:1      | 0 ||| qw: Allow faded altars: false
     0 | D:1      | 0 ||| qw: Do Orc after clearing Dungeon:15 true
     0 | D:1      | 0 ||| qw: Do second Lair branch before Depths: true
     0 | D:1      | 0 ||| qw: Lair rune preference: random
     0 | D:1      | 0 ||| qw: Goals: Normal
     0 | D:1      | 0 ||| PLANNING D:1-11
    40 | D:1      | Reached skill level 3 in Ranged Weapons
    41 | D:1      | Reached XP level 2. HP: 18/23 MP: 2/2
    41 | D:1      | 41 ||| FLEEEEING.
    42 | D:1      | 42 ||| FLEEEEING.
    43 | D:1      | 43 ||| FLEEEEING.
    44 | D:1      | 44 ||| FLEEEEING.
    45 | D:1      | 45 ||| FLEEEEING.
    46 | D:1      | 46 ||| FLEEEEING.
    47 | D:1      | 47 ||| FLEEEEING.
    48 | D:1      | 48 ||| FLEEEEING.
    49 | D:1      | 49 ||| FLEEEEING.
    50 | D:1      | 50 ||| FLEEEEING.
    52 | D:1      | 52 ||| FLEEEEING.
   352 | D:1      | Reached XP level 3. HP: 29/29 MP: 3/3
   635 | D:1      | 635 ||| UPGRADING to +0 leather armour.
   645 | D:1      | 645 ||| DROPPING +0 robe.
   646 | D:1      | 646 ||| UPGRADING to +0 ring mail.
   656 | D:1      | 656 ||| DROPPING +0 leather armour.
   657 | D:1      | 657 ||| READING 2 scrolls labelled YZAIRR KYMO.
   658 | D:1      | 658 ||| READING scroll labelled BATOPT UT QIBOE.
   659 | D:1      | 659 ||| READING 2 scrolls labelled OSTRIT LIEKH.
   664 | D:1      | 664 ||| DRINKING 2 fuming blue potions.
   665 | D:1      | 665 ||| DROPPING scroll of revelation.
   666 | D:1      | 666 ||| DROPPING scroll of poison.
   955 | D:2      | Noticed Robin
   964 | D:2      | Reached skill level 4 in Ranged Weapons
   964 | D:2      | HP: 6/29 [goblin/+0 club[Robin] (4)]
   965 | D:2      | 965 ||| READING 2 scrolls of teleportation.
   966 | D:2      | 966 ||| DRINKING 2 potions of heal wounds.
   992 | D:2      | Found a shimmering altar of Xom.
  1273 | D:2      | Killed Robin
  1274 | D:2      | Reached skill level 1 in Armour
  1520 | D:2      | 1520 ||| READING 3 scrolls labelled LAJEUM ZYAHENO.
  1521 | D:2      | 1521 ||| READING scroll labelled VUNAKK EBLA.
  1522 | D:2      | 1522 ||| READING scroll labelled AGAUSU MIFOXE.
  1523 | D:2      | 1523 ||| DRINKING 2 metallic amethyst potions.
  1524 | D:2      | 1524 ||| READING 2 scrolls of identify.
  1524 | D:2      | 1524 ||| IDENTIFYING fuming green potion
  1525 | D:2      | 1525 ||| DROPPING potion of lignification.
  1526 | D:2      | 1526 ||| DROPPING potion of attraction.
  1827 | D:3      | Found a bloodstained altar of Trog.
  1839 | D:3      | Reached XP level 4. HP: 36/36 MP: 4/4
  1901 | D:3      | Identified the ring "Jaicseumn" {rPois Int+3 SInv}
  2153 | D:3      | Found an ancient bone altar of Kikubaaqudgha.
  2251 | D:3      | 2251 ||| UPGRADING to ring "Jaicseumn" {rPois Int+3 SInv}.
  2252 | D:3      | 2252 ||| DRINKING 2 grey potions.
  2253 | D:3      | 2253 ||| READING 2 scrolls of identify.
  2253 | D:3      | 2253 ||| IDENTIFYING pink potion
  2254 | D:3      | 2254 ||| DROPPING potion of brilliance.
  2255 | D:3      | 2255 ||| DROPPING potion of magic.
  2462 | D:4      | Reached skill level 5 in Ranged Weapons
  2675 | D:4      | HP: 6/37 [iguana (6)]
  2676 | D:4      | 2676 ||| READING 2 scrolls of teleportation.
  2676 | D:4      | HP: 2/37 [iguana (5)]
  2677 | D:4      | 2677 ||| DRINKING 2 potions of heal wounds.
  2746 | D:4      | Reached skill level 3 in Fighting
  2746 | D:4      | Reached XP level 5. HP: 36/45 MP: 5/5
  2916 | D:4      | HP: 10/45 [gnoll bouda/+0 club (9)]
  2917 | D:4      | 2917 ||| READING scroll of teleportation.
  2917 | D:4      | Slain by a gnoll bouda

Levels and vault maps discovered:
D:1:      lightli_iron_boxes, layout_basic
D:2:      layout_basic, basic_altar, uniq_robin
D:3:      layout_loops_ring, nicolae_overflow_crystal_walls,
          trog_three_pillars_becter
D:4:      layout_loops_ring

Skill      XL: |  1  2  3  4 |
---------------+-------------+-----
Ranged Weapons | 3 4 5 |  5.3
Fighting       | 2 3 |  3.1
Armour         | 1 |  1.4
Dodging        | |  2.1
Spellcasting   | |  1.0
Hexes          | |  2.0

Action                     |  1- 3 |  4- 6 || total
---------------------------+-------+-------++-------
   Fire: Sling             |   127 |   116 ||   243
    Use: Scroll            |     8 |     3 ||    11
         Potion            |     3 |     2 ||     5
 Armour: Robe              |     7 |       ||     7
         Ring mail         |    10 |    12 ||    22
  Dodge: Dodged            |    39 |    31 ||    70

Table legend:
 A = Non-vault XP
 B = Vault XP
 C = Vault XP percentage of total XP
 D = Non-vault monster count
 E = Vault monster count
 F = Vault count percentage of total count
                 A         B        C        D         E       F
            +---------+---------+-------+---------+---------+-------
      Total |     239 |      25 |   9.5 |      66 |       7 |   9.6
            +---------+---------+-------+---------+---------+-------
        D:1 |      52 |       0 |   0.0 |      30 |       0 |   0.0
        D:2 |      11 |      25 |  69.4 |       7 |       7 |  50.0
        D:3 |      25 |       0 |   0.0 |      13 |       0 |   0.0
        D:4 |     151 |       0 |   0.0 |      16 |       0 |   0.0
            +---------+---------+-------+---------+---------+-------
